 Dungeon Crawl Stone Soup version 0.29-a0-520-gc852659d43 (webtiles) character file.

Game seed: 14195671531456442700

1687 tilp the Scholar of Death (level 8, -1/64 HPs)
             Began as a Mummy Necromancer on May 31, 2022.
             Was a Follower of Kikubaaqudgha.
             Slain by a sky beast (6 damage)
             ... on level 7 of the Dungeon.
             The game lasted 00:13:55 (9770 turns).

tilp the Scholar of Death (Mummy Necromancer)       Turns: 9770, Time: 00:13:55

Health: -1/64      AC:  5    Str: 12    XL:     8   Next: 71%
Magic:  2/12       EV: 13    Int: 16    God:    Kikubaaqudgha [*.....]
Gold:   268        SH:  0    Dex: 12    Spells: 5/13 levels left

rFire   x . .      SeeInvis .   a - +0 whip (elec)
rCold   + . .      Faith    .   (no shield)
rNeg    + + +      Spirit   .   c - +0 robe
rPois   ∞          Reflect  .   s - +0 helmet
rElec   .          Harm     .   f - +1 cloak
rCorr   .          Rampage  .   (no gloves)
Will    ++...                   (no boots)
Stlth   ++........              (no amulet)
HPRegen 0.20/turn               m - ring of willpower
MPRegen 0.13/turn               p - ring of flight

@: flying
A: cold resistance 1, negative energy resistance 3, torment resistance 2, heat
vulnerability 1, in touch with death 1, no potions
a: Renounce Religion, Unearth Wretches


You were on level 7 of the Dungeon.
You worshipped Kikubaaqudgha.
Kikubaaqudgha was aware of your devotion.
You visited 2 branches of the dungeon, and saw 8 of its levels.

You collected 372 gold pieces.
You spent 104 gold pieces at shops.

Inventory:

Hand Weapons
 a - a +0 whip of electrocution (weapon)
 b - a +1 dagger of draining
Missiles
 e - 34 poisoned darts (quivered)
Armour
 c - a +0 robe (worn)
 d - a +0 buckler
 f - a +1 cloak (worn)
 o - a +1 hat
 s - a +0 helmet (worn)
Jewellery
 m - a ring of willpower (left hand)
 p - a ring of flight (right hand)
Wands
 q - a wand of polymorph (6)
 t - a wand of digging (5)
Scrolls
 g - a scroll of silence
 h - 2 scrolls of blinking
 i - 2 scrolls of magic mapping
 j - 3 scrolls of teleportation
 k - a scroll of summoning
 l - 2 scrolls of enchant weapon
 n - a scroll of torment
 r - a scroll of fog
 u - 3 scrolls of amnesia
 v - a scroll of immolation
 w - a scroll of identify


   Skills:
 - Level 6.0 Fighting
 - Level 2.0 Throwing
 - Level 4.0 Dodging
 - Level 4.0 Stealth
 * Level 3.6 Shields
 - Level 3.0 Spellcasting
 - Level 6.0 Necromancy


You had 5 spell levels left.
You knew the following spells:

 Your Spells              Type           Power      Damage    Failure   Level
a - Necrotize             Necr           100%       1d9       1%          1
b - Vampiric Draining     Necr           32%        2d8       4%          3
c - Animate Dead          Necr           32%        N/A       16%         4

Your spell library contained the following spells:

 Spells                   Type           Power      Damage    Failure   Level
 Agony                    Necr           32%        N/A       41%         5
 Anguish                  Hex/Necr       9%         N/A       47%         4
 Summon Hydra             Summ           1%         N/A       100%        7
 Sublimation of Blood     Necr           Unusable   N/A       N/A         2
 Wereblood                Tmut           Unusable   N/A       N/A         2

Dungeon Overview and Level Annotations

Branches:
Dungeon (7/15)             Temple (1/1) D:6

Altars:
Ashenzari
Cheibriados
Elyvilon
Fedhas
Gozag
Hepliaklqana
Kikubaaqudgha
Makhleb
Qazlal
Ru
Sif Muna
Trog
Uskayaw
Vehumet
Wu Jian
Yredelemnul
Zin
The Shining One

Shops:
D:4 ?   D:5 *   D:7 :


Innate Abilities, Weirdness & Mutations

You are immune to poison.
Your flesh is cold resistant. (rC+)
You are immune to negative energy. (rN+++)
You are immune to unholy pain and torment.
You are vulnerable to heat. (rF-)
You are in touch with the powers of death.
You do not drink.


Message History

The white imp hits you but does no damage.
Something hits you but does no damage.
Your orc zombie completely misses something.
Your orc zombie hits the white imp.
Unknown command.
You hit something. The white imp misses you.
Something hits you but does no damage.
Your orc zombie barely misses something.
Your orc zombie hits the white imp.
Unknown command.
You miss something.
The white imp hits you but does no damage.
Something hits you but does no damage.
Your orc zombie misses something.
Unknown command.
You closely miss something.
Your reaping aura expires.
The white imp gestures at you. The puff of frost hits you. You resist.
* * * LOW HITPOINT WARNING * * *
Something hits you but does no damage.
Your orc zombie barely misses the white imp.
Casting: Vampiric Draining (dangerous; 4% risk of failure)
Confirm with . or Enter, or press ? or * to list all spells.
You don't have enough magic to cast this spell.
Casting: Vampiric Draining (dangerous; 4% risk of failure)
Confirm with . or Enter, or press ? or * to list all spells.
You don't have enough magic to cast this spell.
Unknown command.
You hit something. The white imp closely misses you. Something hits you.
* * * LOW HITPOINT WARNING * * *
Something shocks you.
* * * LOW HITPOINT WARNING * * *
Your orc zombie completely misses something.
Your orc zombie hits the white imp but does no damage.
The white imp gestures at you. The puff of frost misses you.
Something hits you.
* * * LOW HITPOINT WARNING * * *
Something shocks you.
You die...
Kikubaaqudgha rasps: "You have failed me!
Welcome... oblivion!"

#.## ######....
#8.8.8...?
#.⌠.⌠.....
##8.∩.8....
##5ZZ.⌠.....
#@{8.8$8....
###Z........
##.#.#)......
##...#.)......
###..#.#.#.#.#.#
#...#...#...#...
###..#.#.#.#.#.#.#
###.......#...#...#.
##......#.#.#.#.#.#.


You could see a white imp (ally target) and 3 friendly orc zombies.

Vanquished Creatures
  A water moccasin (D:6)
  2 ice beasts (D:6)
  A black bear (D:6)
  A centaur (D:7)
  Blork the orc (D:5)
  A kobold brigand (D:6)
  A necrophage (D:5)
  A scorpion (D:6)
  A howler monkey (D:5)
  4 hounds
  2 jellies
  2 orc priests (D:5)
  4 iguanas
  5 orc wizards
  6 adders
  11 gnolls
  A white imp (D:6)
  2 worms
  18 orcs
  7 ball pythons
  8 endoplasms
  4 giant cockroaches
  5 goblins
  12 hobgoblins
  6 jackals (D:4)
  43 kobolds
  5 bats
  A frilled lizard (D:2)
  4 rats
160 creatures vanquished.

Vanquished Creatures (collateral kills)
  A water moccasin (D:6)
  An orc priest (D:6)
  A white imp (D:6)
  A worm (D:4)
  2 orcs
  A ball python (D:3)
  A frilled lizard (D:1)
  4 kobolds
12 creatures vanquished.

Vanquished Creatures (others)
  2 gnoll zombies (D:5)
  A kobold zombie (D:6)
  6 orc zombies
  4 plants (D:3)
13 creatures vanquished.

Grand Total: 185 creatures vanquished

Notes
Turn   | Place    | Note
-------+----------+-------------------------------------------
     0 | D:1      | tilp the Mummy Necromancer began the quest for the Orb.
     0 | D:1      | Reached XP level 1. HP: 13/13 MP: 4/4
   352 | D:1      | Reached XP level 2. HP: 20/20 MP: 0/5
  1225 | D:2      | Reached skill level 1 in Fighting
  1314 | D:2      | Gained mutation: You are in touch with the powers of death.
                  | [Mummy growth]
  1314 | D:2      | Reached XP level 3. HP: 26/26 MP: 4/7
  1795 | D:2      | Learned a level 3 spell: Vampiric Draining
  2413 | D:2      | Reached XP level 4. HP: 32/34 MP: 3/8
  2646 | D:3      | Found a faded altar of an unknown god.
  2936 | D:3      | Found a sacrificial altar of Ru.
  3396 | D:3      | Reached XP level 5. HP: 41/41 MP: 6/9
  3585 | D:3      | Learned a level 4 spell: Animate Dead
  3593 | D:3      | Reached skill level 5 in Necromancy
  4952 | D:4      | Reached XP level 6. HP: 48/48 MP: 8/10
  5119 | D:4      | Found Ufups's Magic Scroll Boutique.
  5504 | D:4      | Bought a scroll of identify for 26 gold pieces
  5517 | D:5      | Entered Level 5 of the Dungeon
  5757 | D:5      | Found Huatzosh's Assorted Antiques.
  5942 | D:5      | Reached skill level 1 in Throwing
  5942 | D:5      | Reached XP level 7. HP: 15/55 MP: 11/11
  6171 | D:5      | Noticed Blork the orc
  6850 | D:5      | Killed Blork the orc
  7359 | D:4      | Bought a scroll of identify for 26 gold pieces
  7731 | D:6      | Reached skill level 5 in Fighting
  7796 | D:6      | Noticed a +0 dagger
  7796 | D:6      | Noticed a +0 dagger
  7797 | D:6      | Found a hide-covered altar of Uskayaw.
  7878 | D:6      | Reached XP level 8. HP: 62/62 MP: 2/12
  7958 | D:6      | Found a staircase to the Ecumenical Temple.
  7990 | Temple   | Entered the Ecumenical Temple
  8127 | Temple   | Became a worshipper of Kikubaaqudgha
  8960 | D:6      | Reached skill level 1 in Shields
  9468 | D:4      | Bought 2 scrolls of identify for 52 gold pieces
  9724 | D:7      | Found Posul's Book Shop.
  9752 | D:7      | Reached * piety under Kikubaaqudgha
  9752 | D:7      | Received a gift from Kikubaaqudgha
  9770 | D:7      | Slain by a sky beast

Illustrated notes

Levels and vault maps discovered:
D:1:      amcnicky_arrival_feature_with_door, layout_basic, serial_park_tiny_2
D:2:      minmay_angry_zag, layout_basic, minmay_stone_trees_small
D:3:      minmay_goblin_kobold_castle, layout_rooms,
          mainiacjoe_overflow_brackets, dreamdust_ecumenical_altar_statues,
          serial_bayou_ford_a
D:4:      layout_loops_ring, serial_glass, glass_columns_b, glass_columns_b,
          serial_shops, nicolae_shop_hallway_plus
D:5:      layout_cave_pods, serial_shops,
          nicolae_shop_temple_entry_statues_fountains, st_stairs_3,
          uniq_blork_the_orc
D:6:      layout_loops_corners, dancing_weapons_uskayaw,
          minmay_temple_entry_ruins, hangedman_abyss_or_decor_stagger,
          chequers_decorated_corner, minmay_liquid_box, minmay_crossroads
D:7:      layout_cave_pools, grunt_dithmenos_smoke, okawaru_metal_pillars_1_2,
          serial_shops, nicolae_shop_temple_entry_statues_fountains,
          kennysheep_crisscross, nicolae_zen_rock_garden, dk_noncrumbling_3,
          hangedman_decor_lopped
Temple:   compressed_dpeg_circular_temple

Skill      XL: |  1  2  3  4  5  6  7  8 |
---------------+-------------------------+-----
Spellcasting   | 3 |  3.0
Fighting       | 1 2 3 4 5 6 |  6.0
Stealth        | 2 3 4 |  4.0
Dodging        | 2 3 4 |  4.0
Necromancy     | 5 6 |  6.0
Throwing       | 1 2 |  2.0
Shields        | 3 |  3.6

Action                   |  1- 3 |  4- 6 |  7- 9 || total
-------------------------+-------+-------+-------++-------
Melee: Unarmed           |     8 |       |       ||     8
       Whip              |    47 |   174 |   126 ||   347
       Punch             |       |     2 |     2 ||     4
Throw: Stone             |     1 |       |       ||     1
 Cast: Necrotize         |    37 |    93 |    78 ||   208
       Vampiric Draining |       |     3 |    17 ||    20
       Animate Dead      |       |     1 |     4 ||     5
  Use: Scroll            |     6 |     4 |     4 ||    14
 Stab: Sleeping          |     4 |     3 |     1 ||     8
       Distracted        |       |     1 |       ||     1
Armor: Robe              |    10 |    48 |    65 ||   123
Dodge: Dodged            |    28 |   141 |   151 ||   320

Table legend: (Time is in decaauts)
 A = Elapsed time spent in this place.
 B = Non-inter-level travel time spent in this place.
 C = Inter-level travel time spent in this place.
 D = Time resting spent in this place.
 E = Time spent auto-exploring this place.
 F = Levels seen in this place.
 G = Mean time per level.
                   A        B        C        D        E       F      G
               +--------+--------+--------+--------+--------+-----+--------+
         Total |   9823 |   9334 |    489 |   1351 |   6536 |   8 | 1227.9 |
       Dungeon |   9655 |   9217 |    438 |   1351 |   6434 |   7 | 1379.3 |
        Temple |    167 |    116 |     51 |      0 |    102 |   1 |  167.0 |
               +--------+--------+--------+--------+--------+-----+--------+

Top non-repeatable levels by time:
     D:3: 2142 daAuts
     D:6: 1984 daAuts
     D:5: 1906 daAuts
     D:2: 1471 daAuts
     D:1: 1155 daAuts
     D:4: 880 daAuts
  Temple: 167 daAuts
     D:7: 114 daAuts
